 Dungeon Crawl Stone Soup version 0.21.1-1-g345015f (webtiles) character file.

101 Mirai the Magician (level 4, 0/24 HPs)
             Began as a Deep Elf Conjurer on Mar 30, 2018.
             Slain by a scorpion (4 damage)
             ... on level 4 of the Dungeon.
             The game lasted 00:05:27 (1923 turns).

Mirai the Magician (Deep Elf Conjurer)              Turns: 1923, Time: 00:05:27

Health: 0/24       AC:  4    Str:  5    XL:     4   Next: 48%
Magic:  3/14       EV: 13    Int: 21    God:
Gold:   172        SH:  0    Dex: 15    Spells: 13/16 levels left

rFire    + . .     SeeInvis .   g - +0 spear
rCold    x . .     Gourm    .   (no shield)
rNeg     . . .     Faith    .   a - +0 robe
rPois    .         Spirit   .   (no helmet)
rElec    .         Reflect  .   q - +1 cloak
rCorr    .         Harm     .   (no gloves)
MR       .....                  (no boots)
Stlth    ++........             (no amulet)
HPRegen  0.08/turn              i - ring of fire
MPRegen  0.14/turn              (no ring)

@: lethally poisoned (0 -> -10)
A: no striking features
a: no special abilities


You were on level 4 of the Dungeon.
You were not hungry.

You visited 1 branch of the dungeon, and saw 4 of its levels.

You collected 172 gold pieces.

Inventory:

Hand Weapons
 g - a +0 spear (weapon)
Armour
 a - a +0 robe (worn)
 q - a +1 cloak (worn)
Jewellery
 i - a ring of fire (left hand)
Scrolls
 e - 2 scrolls of random uselessness {unknown}
 f - 2 scrolls of amnesia {unknown}
 j - 5 scrolls of identify {unknown}
 k - 3 scrolls of teleportation {unknown}
 n - a scroll of noise {unknown}
 o - a scroll of blinking {unknown}
 p - a scroll of remove curse {unknown}
 s - 2 scrolls of enchant weapon {unknown}
 u - a scroll of magic mapping {unknown}
Potions
 d - 2 potions of invisibility {unknown}
 l - a potion of flight {unknown}
 m - a potion of heal wounds {unknown}
 r - a potion of agility {unknown}
 t - 2 potions of might {unknown}
Books
 b - a book of Conjurations

   Spells                             Type                      Level
   a - Magic Dart                     Conjuration                  1
   b - Searing Ray                    Conjuration                  2
   c - Dazzling Spray                 Conjuration/Hexes            3
   d - Fulminant Prism                Conjuration/Hexes            4
   e - Force Lance                    Conjuration/Translocation    4
   f - Iskenderun's Mystic Blast      Conjuration                  4
Comestibles
 c - 8 rations
 h - a chunk of flesh


   Skills:
 - Level 2.4 Dodging
 - Level 2.4 Stealth
 + Level 6.5 Spellcasting
 - Level 4.3 Conjurations


You had 13 spell levels left.
You knew the following spells:

 Your Spells              Type           Power        Failure   Level  Hunger
a - Magic Dart            Conj           ####         1%          1    None
b - Searing Ray           Conj           ####..       2%          2    None


Dungeon Overview and Level Annotations

Branches:
Dungeon (4/15)
 Temple: D:4-7

Altars:
Ashenzari
Qazlal


Message History

The scorpion poisons you!
Casting: Magic Dart
Confirm with . or Enter, or press ? or * to list all spells.
Aiming: Magic Dart
Press: ? - help, Shift-Dir - straight line, f/p - scorpion
Aim: a scorpion (heavily wounded)
The magic dart hits the scorpion.
The scorpion is severely wounded.
* * * LOW HITPOINT WARNING * * *
You feel sick. The scorpion closely misses you.
Casting: Magic Dart
Confirm with . or Enter, or press ? or * to list all spells.
Aiming: Magic Dart
Press: ? - help, Shift-Dir - straight line, f/p - scorpion
Aim: a scorpion (severely wounded)
The magic dart hits the scorpion.
The scorpion is almost dead.
* * * LOW HITPOINT WARNING * * *
You feel sick. The scorpion stings you.
You die...

#...#.....<.....
.###+#+#...#.##........
..........#.##......[. #
#...................##
#.#.......##..##.#?.....
#..... ...##..##........
.....h###.##...<.##.##.#
........s...............
.......@............###.
#####.############### ..
#.# .. #


You could see a scorpion and a howler monkey.

Vanquished Creatures
  A centaur skeleton (D:4)
  An adder (D:2)
  2 oozes (D:2)
  2 dart slugs
  A leopard gecko (D:1)
  A ball python (D:2)
  3 giant cockroaches
  6 hobgoblins
  A quokka (D:3)
  5 bats
  5 frilled lizards
  5 goblins
  5 kobolds
  15 rats
53 creatures vanquished.

Notes
Turn   | Place    | Note
-------+----------+-------------------------------------------
     0 | D:1      | Mirai the Deep Elf Conjurer began the quest for the Orb.
     0 | D:1      | Reached XP level 1. HP: 10/10 MP: 6/6
   181 | D:1      | Reached skill level 4 in Spellcasting
   181 | D:1      | Reached XP level 2. HP: 15/15 MP: 5/9
   296 | D:1      | Learned a level 2 spell: Searing Ray
   729 | D:2      | Reached XP level 3. HP: 19/19 MP: 8/11
   742 | D:2      | Reached skill level 5 in Spellcasting
  1238 | D:3      | Found a shattered altar of Ashenzari.
  1482 | D:3      | Found a stormy altar of Qazlal.
  1698 | D:3      | Reached XP level 4. HP: 24/24 MP: 11/13
  1777 | D:3      | Reached skill level 6 in Spellcasting
  1923 | D:4      | Slain by a scorpion

Skill      XL: |  1  2  3  4 |
---------------+-------------+-----
Spellcasting   | 4 5 6 |  6.5
Dodging        | |  2.4
Stealth        | |  2.4
Conjurations   | |  4.3

Action                   |  1- 3 |  4- 6 || total
-------------------------+-------+-------++-------
Melee: Spear             |     7 |     1 ||     8
 Cast: Magic Dart        |    85 |    15 ||   100
       Searing Ray       |       |     1 ||     1
  Eat: Chunk             |     2 |     1 ||     3
Armor: Robe              |     7 |     3 ||    10
Dodge: Dodged            |    15 |    11 ||    26
